 Dungeon Crawl Stone Soup version 0.29-a0-419-g77450f2 (webtiles) character file.

Game seed: 4899980009560065812

6 Toastz the Slasher (level 1, 0/16 HPs)
             Began as a Demonspawn Gladiator on May 18, 2022.
             Frozen to death by an endoplasm (3 damage)
             ... on level 1 of the Dungeon.
             The game lasted 00:00:38 (269 turns).

Toastz the Slasher (Demonspawn Gladiator)            Turns: 269, Time: 00:00:39

Health: 0/16       AC:  4    Str: 14    XL:     1   Next: 75%
Magic:  1/1        EV: 12    Int:  9    God:
Gold:   31         SH:  0    Dex: 14    Spells: 0/0 levels left

rFire   . . .      SeeInvis .   a - +0 long sword
rCold   . . .      Faith    .   (no shield)
rNeg    . . .      Spirit   .   b - +0 leather armour
rPois   .          Reflect  .   c - +0 helmet
rElec   .          Harm     .   (no cloak)
rCorr   .          Rampage  .   (no gloves)
Will    .....                   (no boots)
Stlth   +.........              (no amulet)
HPRegen 0.05/turn               (no ring)
MPRegen 0.07/turn               (no ring)

@: no status effects
A: no striking features
a: no special abilities


You were on level 1 of the Dungeon.
You visited 1 branch of the dungeon, and saw 1 of its levels.

You collected 31 gold pieces.

Inventory:

Hand Weapons
 a - a +0 long sword (weapon)
Missiles
 d - 3 throwing nets (quivered)
 e - a javelin
Armour
 b - a +0 leather armour (worn)
 c - a +0 helmet (worn)
Scrolls
 g - a scroll of blinking {unknown}
Potions
 f - 2 potions of resistance {unknown}


   Skills:
 + Level 2.3 Fighting
 + Level 2.9 Long Blades
 - Level 1.7 Throwing
 - Level 2.6 Dodging


You couldn't memorise any spells.
You didn't know any spells.
Your spell library was empty.

Dungeon Overview and Level Annotations

Branches:
Dungeon (1/15)

Altars:


Message History

You hit the dart slug.
The dart slug is almost dead.
The dart slug misses you.
You hit the dart slug but do no damage.
The dart slug is almost dead.
The dart slug bites you but does no damage.
You hit the dart slug.
You kill the dart slug!
You now have 31 gold pieces (gained 8).
Found a hunting sling.
Found a stone staircase leading down.
You see here a +0 hunting sling.
g - a scroll labelled ROFARPH ZUBLUPP
Found a short sword.
You see here a +0 short sword.
Found 13 stones.
An endoplasm comes into view.
Found a dagger.
An endoplasm comes into view.
The endoplasm hits you but does no damage.
You barely miss the endoplasm.
The endoplasm quivers.
The endoplasm freezes you.
You are frozen.
You hit the endoplasm.
The endoplasm is lightly wounded.
The endoplasm freezes you.
You are frozen.
The endoplasm closely misses you. The endoplasm freezes you.
You are frozen.
* * * LOW HITPOINT WARNING * * *
The endoplasm hits you but does no damage.
You are too injured to fight recklessly!
You are too injured to fight recklessly!
You hit the endoplasm.
The endoplasm is moderately wounded.
The endoplasm hits you but does no damage.
The endoplasm freezes you.
You are frozen.
You die...

#####...##### #.#......
...............#........
........... .......†....
.......... ...####..###
#...)..# ##.####..# #
#....# #.##....# # #
#....# #.##.#.##
#.#.JJ.# ##.##.#.##
#.#..@(# ##........#
#......###.#.##.##.#
###.....###.###.#.##.##
#.......##.## ##......#
#.........## ##.##..##
#.......##.## ##.###....
............###......###
#.#....#####.#....####
#.####. ##.###.#


You could see 2 endoplasms.

Vanquished Creatures
  A dart slug (D:1)
  A bat (D:1)
  A quokka (D:1)
  A rat (D:1)
4 creatures vanquished.

Notes
Turn   | Place    | Note
-------+----------+-------------------------------------------
     0 | D:1      | Toastz the Demonspawn Gladiator began the quest for the
                  | Orb.
     0 | D:1      | Reached XP level 1. HP: 16/16 MP: 1/1
   269 | D:1      | Frozen to death by an endoplasm

Illustrated notes

Levels and vault maps discovered:
D:1:      minmay_arrival_cross, layout_loops_cross, minmay_distorted

Action                   || total
-------------------------++-------
Melee: Long sword        ||    12
Armor: Leather armour    ||     4
Dodge: Dodged            ||     7

Table legend: (Time is in decaauts)
 A = Elapsed time spent in this place.
 B = Non-inter-level travel time spent in this place.
 C = Inter-level travel time spent in this place.
 D = Time resting spent in this place.
 E = Time spent auto-exploring this place.
 F = Levels seen in this place.
 G = Mean time per level.
                   A        B        C        D        E       F      G
               +--------+--------+--------+--------+--------+-----+--------+
         Total |    272 |    272 |      0 |      0 |    228 |   1 |  272.0 |
       Dungeon |    272 |    272 |      0 |      0 |    228 |   1 |  272.0 |
               +--------+--------+--------+--------+--------+-----+--------+

Top non-repeatable levels by time:
     D:1: 272 daAuts
